 Dungeon Crawl Stone Soup version 0.28-a0-1117-g0bdd5ba030 (webtiles) character file.

Game seed: 15220103395216285440

215749 wewebaguette the Warrior (level 18, -1/270 HPs)
             Began as a Minotaur Berserker on Dec 11, 2021.
             Was a Priest of Trog.
             Succumbed to poison
             ... on level 4 of the Swamp.
             The game lasted 03:25:48 (44368 turns).

wewebaguette the Warrior (Minotaur Berserker)      Turns: 44368, Time: 03:25:51

Health: -1/270     AC: 28    Str: 31    XL:     18   Next: 34%
Magic:  2/5        EV: 13    Int:  4    God:    Trog [***...]
Gold:   737        SH: 15    Dex:  9    Spells: 17/17 levels left

rFire   + . .      SeeInvis .   b - +6 eveningstar (antimagic)
rCold   + + .      Faith    .   t - +2 kite shield
rNeg    . . .      Spirit   +   a - +3 plate armour {Will+}
rPois   +          Reflect  .   F - +1 hat
rElec   +          Harm     .   e - +2 cloak {rCorr}
rCorr   +          Rampage  .   d - +1 pair of gloves
Will    ++...                   (no boots)
Stlth   ..........              p - amulet of guardian spirit
HPRegen 0.55/turn               w - ring of protection from cold
MPRegen 0.09/turn               T - ring "Asimmi" {rPois rCorr}

@: berserking, lethally poisoned (-1 -> -40), resistant, studying Maces &
Flails, quick
A: horns 2, retaliatory headbutt
}: 1/15 runes: serpentine
a: Renounce Religion, Berserk, Trog's Hand


You were on level 4 of the Swamp.
You worshipped Trog.
Trog was most pleased with you.
You visited 5 branches of the dungeon, and saw 28 of its levels.
You also visited: Volcano.

You collected 2912 gold pieces.
You spent 2175 gold pieces at shops.

Inventory:

Hand Weapons
 b - a +6 antimagic eveningstar (weapon)
 o - the +12 mace of Firig {flame, *Noise Str+7 SInv}
   (You found it on level 4 of the Dungeon)

   It burns those it strikes, dealing additional fire damage.
   Str:       It affects your strength (+7).
   SInv:      It lets you see invisible.
   *Noise:    It may make noises in combat.
 r - the +7 hand crossbow "Pageluev" {vorpal, MP+9 Str+7 Stlth-}
   (You found it on level 1 of the Swamp)

   Any ammunition fired from it inflicts extra damage upon your enemies.
   Str:       It affects your strength (+7).
   MP:        It affects your magic capacity (+9).
   Stlth:     It makes you less stealthy.
Missiles
 A - 4 throwing nets (quivered)
Armour
 a - a +3 plate armour of willpower (worn)
 d - a +1 pair of gloves (worn)
 e - a +2 cloak of preservation (worn)
 t - a +2 kite shield (worn)
 F - a +1 hat (worn)
Jewellery
 c - an amulet of reflection
 f - a ring of protection from fire
 m - a +4 ring of evasion
 p - an amulet of guardian spirit (around neck)
 u - a ring of protection from fire
 w - a ring of protection from cold (left hand)
 E - a ring of willpower
 K - a ring of flight
 Q - a +6 ring of dexterity
 T - the ring "Asimmi" (right hand) {rPois rCorr}
   (You found it on level 1 of the Snake Pit)

   [ring of poison resistance]

   rPois:     It protects you from poison.
   rCorr:     It protects you from acid and corrosion.
Wands
 k - a wand of mindburst (35)
 x - a wand of polymorph (7)
 G - a wand of digging (19)
 I - a wand of flame (10)
 N - a wand of paralysis (6)
Scrolls
 n - 4 scrolls of teleportation
 y - 3 scrolls of brand weapon
 z - 6 scrolls of identify
 O - a scroll of silence
 W - a scroll of blinking
Potions
 g - 5 potions of attraction
 h - a potion of cancellation
 i - 3 potions of ambrosia
 j - 3 potions of mutation
 v - 5 potions of magic
 M - 4 potions of flight
 P - a potion of berserk rage
 R - 2 potions of resistance
 S - 2 potions of invisibility
Miscellaneous
 l - a tin of tremorstones (2/2)
 C - a lightning rod (4/4)
 H - a tin of tremorstones (2/2)
 J - a box of beasts (inert)
 L - a phial of floods


   Skills:
 * Level 20.4 Fighting
 * Level 18.8 Maces & Flails
 - Level 6.5 Throwing
 * Level 17.8 Armour
 * Level 16.4 Dodging
 * Level 17.1 Shields
 + Level 8.9 Evocations


You had 17 spell levels left.
You didn't know any spells.
Your spell library contained the following spells:

 Spells                   Type           Power      Damage    Failure   Level
 Freeze                   Ice            0%         1d3       94%         1
 Magic Dart               Conj           0%         1d3       94%         1
 Sandblast                Erth           0%         2d4       94%         1
 Ensorcelled Hibernation  Hex/Ice        0%         N/A       98%         2
 Passwall                 Tmut/Erth      0%         N/A       98%         2
 Searing Ray              Conj           0%         2d4       98%         2
 Sublimation of Blood     Necr           0%         N/A       98%         2
 Call Canine Familiar     Summ           0%         N/A       100%        3
 Frozen Ramparts          Ice            0%         1d2       100%        3
 Portal Projectile        Hex/Tloc       0%         N/A       100%        3
 Spider Form              Tmut/Pois      0%         N/A       100%        3
 Stone Arrow              Conj/Erth      0%         3d7       100%        3
 Tukima's Dance           Hex            0%         N/A       100%        3
 Airstrike                Air            0%         N/A       100%        4
 Fulminant Prism          Conj/Hex       0%         3d6       100%        4
 Hailstorm                Conj/Ice       0%         3d3       100%        4
 Leda's Liquefaction      Hex/Erth       0%         N/A       100%        4
 Passage of Golubria      Tloc           0%         N/A       100%        4
 Petrify                  Tmut/Erth      0%         N/A       100%        4
 Summon Lightning Spire   Summ/Air       0%         N/A       100%        4
 Irradiate                Conj/Tmut      0%         3d13      100%        5
 Lightning Bolt           Conj/Air       0%         1d11      100%        5
 Yara's Violent Unravell  Hex/Tmut       0%         3d3       100%        5


Dungeon Overview and Level Annotations

Branches:
Dungeon (12/15)            Temple (0/1) D:4            Lair (6/6) D:11
  Swamp (4/4) Lair:3        Snake (4/4) Lair:3        Slime (0/5) Lair:6
    Orc (2/2) D:12            Elf (0/3) Orc:2       Volcano (visited)

Altars:
Ashenzari
Elyvilon
Fedhas
Hepliaklqana
Kikubaaqudgha
Nemelex Xobeh
Qazlal
Ru
Trog
Vehumet
Yredelemnul
Zin
The Shining One
Jiyva

Shops:
D:7 :?[(=   D:8 =   D:10 *   Orc:2 [?:*   Snake:3 **

Portals:
Pandemonium: Orc:2


Innate Abilities, Weirdness & Mutations

You have a pair of horns on your head.
You reflexively headbutt those who attack you in melee.


Message History

Your body is wracked with pain!
* * * LOW HITPOINT WARNING * * *
Your unstable footing causes you to fumble your attack.
* * * LOW HITPOINT WARNING * * *
You feel very sick.
You closely miss the fenstrider witch.
The fenstrider witch is lightly wounded.
* * * LOW HITPOINT WARNING * * *
You feel very sick.
The fenstrider witch gestures at you while chanting.
You block the toxic sludge.
Splash!
You fall into the toxic bog.
Moving in this stuff is going to be slow.
You barely miss the fenstrider witch.
Your headbutt misses the fenstrider witch.
The fenstrider witch is lightly wounded.
You fester in the toxic bog.
You partially resist.
You are more poisoned.
* * * LOW HITPOINT WARNING * * *
x2 You feel very sick.
You block the fenstrider witch's attack.
The fenstrider witch barely misses you.
You closely miss the fenstrider witch.
The fenstrider witch is lightly wounded.
You fester in the toxic bog.
You partially resist.
You are more poisoned.
* * * LOW HITPOINT WARNING * * *
x2 You feel very sick.
Really walk into that cloud of flame? [Y]es or [N]o only, please.
Really walk into that cloud of flame?
Okay, then.
You impale the fenstrider witch!!
The fenstrider witch's magic leaks into the air.
The fenstrider witch is heavily wounded.
You fester in the toxic bog.
You partially resist.
You are more poisoned.
* * * LOW HITPOINT WARNING * * *
You die...

≈≈≈#.≈♣###≈≈#≈≈.♣≈.≈#≈≈*##♣≈≈#§.≈
≈.♣#♣♣##..≈.≈#♣♣♣♣♣#≈.≈,,*#♣♣#.≈.
≈≈♣ #######≈#######≈###****##≈..
≈♣♣ ♣≈.≈.≈≈.#≈..≈§#,≈,≈≈,≈*#≈≈..
.♣ ♣≈≈≈≈♣♣♣#[≈.≈∩#*♣♣≈≈,,*#≈..≈
♣♣ #♣≈≈♣≈≈≈.#≈≈≈#≈.H≈♣≈,*##≈...
♣♣ ♣♣#♣.≈...≈♣#≈.≈#*≈≈.f,,*#≈.≈≈≈
≈♣♣♣≈##♣≈≈≈≈≈♣#≈H≈#*≈,≈≈≈*##.≈≈..
≈≈....##♣...≈♣##@##*,≈≈,*##......
≈..≈.♣♣ #♣≈≈≈≈≈#○#≈≈≈≈,*##.≈≈§...
≈≈≈.♣♣ ##♣≈≈≈###≈≈≈*###..≈...≈.
≈≈≈≈.♣ ##≈≈≈#≈≈≈###..≈≈..≈.≈.
.≈≈≈.♣ *####*###≈≈≈≈≈..≈≈...
≈.≈§.♣ ♣♣♣.≈≈...≈...≈≈≈. ♣♣.<≈♣
*♣≈....≈.≈≈≈...... .≈.≈.♣♣
*♣§≈..♣.≈...≈.≈≈.≈. ......♣♣♣♣
♣≈....≈.§.....≈≈.≈.


You could see a fenstrider witch.

Vanquished Creatures
  2 tentacled monstrosities
  Gastronok (Lair:3)
  3 thorn hunters
  2 fenstrider witches (Swamp:4)
  7 nagarajas
  2 ghouls
  2 bunyips (Swamp:4)
  An eleionoma (Swamp:4)
  A red draconian (Volcano)
  Snorg (Lair:3)
  2 green deaths (Swamp:4)
  The ghost of ShinMegamiTenseiJew the Basher, a journeyman MiBe of Trog (D:12)
  2 shambling mangroves (Swamp:4)
  15 hydras
  A boulder beetle (D:11)
  9 naga warriors
  2 salamander tyrants
  Harold (D:8)
  16 anacondas
  5 alligators
  A demonspawn (Orc:2)
  3 ogre magi
  6 two-headed ogres
  A death knight (D:12)
  16 death yaks
  12 naga sharpshooters
  8 shock serpents
  2 soul eaters (Swamp:4)
  6 orc high priests (Orc:2)
  2 sun demons (Orc:2)
  6 salamander mystics
  A sixfirhy (Swamp:4)
  5 spriggan druids (Swamp:4)
  2 flayed ghosts (D:12)
  3 goliath frogs
  6 swamp dragons
  A sea snake (Snake:2)
  2 death drakes (Swamp:4)
  14 naga ritualists
  A wizard (Swamp:4)
  A necromancer (D:12)
  2 lindwurms (Lair:6)
  7 bog bodies
  7 orc sorcerers
  2 wolf spiders (Lair:6)
  A deep elf pyromancer (Swamp:4)
  24 mana vipers
  7 orc knights
  6 cyclopes
  12 salamanders
  4 will-o-the-wisps
  2 manticores (D:12)
  A spectral centaur (D:12)
  6 elephants
  43 black mambas
  8 guardian serpents
  14 naga magi
  A torpor snail (Lair:4)
  2 molten gargoyles (Volcano)
  13 cane toads
  An orange demon (Swamp:4)
  2 gargoyles
  3 rime drakes
  An unseen horror (D:10)
  4 hellwings
  13 komodo dragons
  8 trolls
  14 hornets
  Grinder (D:4)
  15 tyrant leeches
  3 polar bears
  The ghost of bmj180 the Conjurer, an amateur DrCj of Vehumet (D:5)
  9 slime creatures (D:12)
  24 blink frogs
  8 spriggans
  2 redbacks (Lair:6)
  2 shadows
  A wraith (D:8)
  13 wyverns
  45 yaks
  2 fire bats (Volcano)
  6 basilisks
  A neqoxec (Swamp:4)
  Menkaure (D:5)
  7 vampire mosquitoes
  4 chaos spawn
  4 wargs
  39 nagas
  An acid dragon (D:8)
  26 water moccasins
  19 swamp worms
  2 ice beasts
  3 black bears
  38 orc warriors
  3 necrophages
  2 sky beasts
  A swamp drake (Swamp:4)
  9 wolves
  6 ogres
  5 centaurs
  A phantom (D:7)
  3 kobold brigands (D:8)
  15 bullfrogs
  Blork the orc (D:4)
  2 water moccasin zombies
  3 scorpions
  11 killer bees
  11 wights
  3 electric eels
  2 howler monkeys
  3 centaur zombies
  A bullfrog zombie (D:6)
  4 lava snakes (Volcano)
  A centaur skeleton (D:6)
  2 hounds
  2 jellies (D:4)
  A gnoll shaman (D:8)
  A bullfrog skeleton (D:6)
  31 orc priests
  Crazy Yiuf (D:4)
  13 iguanas
  Natasha (thrice) (D:3)
  Terence (D:3)
  20 orc wizards
  4 hell rats (D:11)
  4 gnolls
  2 howler monkey skeletons
  6 adders
  3 river rats (D:11)
  3 worms
  2 dart slugs
  64 orcs
  4 ball pythons
  3 bats
  7 endoplasms
  5 giant cockroaches
  5 goblins
  3 hobgoblins
  7 jackals
  8 kobolds
  5 quokkas
  5 frilled lizards
  7 rats
969 creatures vanquished.

Vanquished Creatures (collateral kills)
  2 ghouls (Swamp:2)
  An alligator (Swamp:4)
  2 spriggans
  A swamp dragon (Swamp:3)
  3 hornets
  A swamp worm (Swamp:4)
  An orc priest (D:6)
11 creatures vanquished.

Vanquished Creatures (others)
  An orc (Orc:2)
  43 foxfires
  35 fungi
  100 plants
179 creatures vanquished.

Grand Total: 1159 creatures vanquished

Notes
Turn   | Place    | Note
-------+----------+-------------------------------------------
     0 | D:1      | wewebaguette the Minotaur Berserker began the quest for the
                  | Orb.
     0 | D:1      | Reached XP level 1. HP: 19/19 MP: 0/0
   233 | D:1      | Reached XP level 2. HP: 27/27 MP: 1/1
   618 | D:1      | Reached skill level 4 in Fighting
  1075 | D:2      | Reached XP level 3. HP: 15/33 MP: 2/2
  1596 | D:2      | Found a faded altar of an unknown god.
  1844 | D:3      | Noticed Natasha
  1850 | D:3      | Killed Natasha
  1851 | D:3      | Reached XP level 4. HP: 41/41 MP: 3/3
  1867 | D:3      | Noticed Natasha
  2059 | D:3      | Noticed Terence
  2065 | D:3      | Reached ** piety under Trog
  2070 | D:3      | Killed Terence
  2095 | D:3      | Killed Natasha
  2096 | D:3      | Reached XP level 5. HP: 34/47 MP: 4/4
  2298 | D:3      | Found a radiant altar of Vehumet.
  2690 | D:3      | Reached skill level 5 in Fighting
  2694 | D:3      | Reached skill level 5 in Maces & Flails
  2722 | D:3      | Reached XP level 6. HP: 45/56 MP: 5/5
  2755 | D:3      | Noticed Natasha
  2763 | D:3      | Killed Natasha
  2998 | D:4      | Found a staircase to the Ecumenical Temple.
  3168 | D:4      | Found an ancient bone altar of Kikubaaqudgha.
  3170 | D:4      | Noticed Grinder
  3186 | D:4      | Killed Grinder
  3187 | D:4      | Reached skill level 1 in Shields
  3187 | D:4      | Reached XP level 7. HP: 51/62 MP: 6/6
  3203 | D:4      | Noticed Blork the orc
  3454 | D:4      | Reached skill level 5 in Armour
  3523 | D:4      | Reached skill level 6 in Fighting
  3526 | D:4      | Killed Blork the orc
  4037 | D:4      | Found a runed translucent door.
  4038 | D:4      | Noticed Crazy Yiuf
  4045 | D:4      | Killed Crazy Yiuf
  4051 | D:4      | Identified the +12 mace of Firig {flame, *Noise Str+7 SInv}
  4248 | D:5      | Entered Level 5 of the Dungeon
  4291 | D:5      | Reached skill level 5 in Dodging
  4470 | D:5      | Noticed Menkaure
  4477 | D:5      | Killed Menkaure
  4478 | D:5      | Reached XP level 8. HP: 55/71 MP: 3/7
  4720 | D:5      | Noticed bmj180's ghost (amateur DrCj)
  4722 | D:5      | Found a transporter.
  4727 | D:5      | Found a transporter.
  5635 | D:5      | Killed bmj180's ghost
  5655 | D:5      | Reached skill level 7 in Fighting
  5945 | D:6      | Reached skill level 5 in Shields
  5945 | D:6      | Reached XP level 9. HP: 79/79 MP: 8/8
  6098 | D:6      | Reached skill level 8 in Fighting
  6311 | D:6      | Identified a scroll of acquirement
  6312 | D:6      | Acquired a manual of Fighting
  6396 | D:6      | Found a sacrificial altar of Ru.
  6400 | D:6      | Found a broken altar of Ashenzari.
  6400 | D:6      | Found a blossoming altar of Fedhas.
  6400 | D:6      | Found a sparkling altar of Nemelex Xobeh.
  6661 | D:7      | Found Wyme's Armour Shop.
  6745 | D:7      | Found a glowing golden altar of the Shining One.
  6746 | D:7      | Found a white marble altar of Elyvilon.
  6747 | D:7      | Found a glowing silver altar of Zin.
  6760 | D:7      | Reached skill level 1 in Throwing
  6771 | D:7      | Noticed a cyclops
  6778 | D:7      | Killed a cyclops
  6779 | D:7      | Reached skill level 9 in Fighting
  6779 | D:7      | Reached XP level 10. HP: 91/91 MP: 5/9
  6846 | D:7      | Noticed a cyclops
  6856 | D:7      | Killed a cyclops
  6857 | D:7      | Reached skill level 1 in Evocations
  7032 | D:7      | Identified the +8 flail "Xepoas" {drain, Fragile rCorr
                  | Dex+2}
  7322 | D:7      | Found Riv Kuagh's Book Shop.
  7428 | D:7      | Found Pyvural's Magic Scroll Shoppe.
  7434 | D:7      | Bought a scroll of identify for 26 gold pieces
  7434 | D:7      | Bought a scroll of blinking for 97 gold pieces
  7434 | D:7      | Bought a scroll of identify for 26 gold pieces
  7628 | D:7      | Found Xohoed's Antique Weapon Boutique.
  7647 | D:7      | Found a stormy altar of Qazlal.
  7834 | D:7      | Reached *** piety under Trog
  7838 | D:7      | Found Leiwkutu's Jewellery Shoppe.
  7911 | D:8      | Found Viblumar's Jewellery Shop.
  8031 | D:8      | Reached skill level 10 in Fighting
  8123 | D:8      | Found a basalt altar of Yredelemnul.
  8427 | D:8      | Noticed Harold
  8439 | D:8      | Killed Harold
  8440 | D:8      | Reached skill level 11 in Fighting
  9534 | D:9      | Reached XP level 11. HP: 102/102 MP: 8/10
 10340 | D:10     | Entered Level 10 of the Dungeon
 10695 | D:10     | Reached skill level 12 in Fighting
 10724 | D:10     | Reached skill level 10 in Armour
 10846 | D:10     | Found Tutit's Assorted Antiques.
 10868 | D:10     | Bought a scroll of identify for 46 gold pieces
 10868 | D:10     | Bought a small ruby ring for 115 gold pieces
 10868 | D:10     | Bought a hat for 92 gold pieces
 10868 | D:10     | Bought a large tourmaline ring for 115 gold pieces
 10927 | D:10     | Found a bloodstained altar of Trog.
 11309 | D:10     | Found a hazy altar of Hepliaklqana.
 11496 | D:11     | Noticed a death yak
 11500 | D:11     | Noticed a death yak
 11500 | D:11     | Noticed a death yak
 11513 | D:11     | Killed a death yak
 11516 | D:11     | Killed a death yak
 11529 | D:11     | Killed a death yak
 11545 | D:11     | Found a staircase to the Lair.
 11787 | D:11     | Reached skill level 13 in Fighting
 12140 | D:11     | Noticed a two-headed ogre
 12147 | D:11     | Killed a two-headed ogre
 12435 | D:12     | Noticed an eight-headed hydra
 12446 | D:12     | Killed an eight-headed hydra
 12447 | D:12     | Reached XP level 12. HP: 87/115 MP: 5/11
 12742 | D:12     | Reached skill level 10 in Dodging
 12841 | D:12     | Reached skill level 10 in Maces & Flails
 12842 | D:12     | Noticed a death knight
 12868 | D:12     | Noticed a boulder beetle
 12889 | D:11     | Killed a boulder beetle
 12956 | D:12     | Reached skill level 10 in Shields
 13015 | D:12     | Found a staircase to the Orcish Mines.
 13085 | D:12     | Found a transporter.
 13089 | D:12     | Noticed ShinMegamiTenseiJew's ghost (journeyman MiBe)
 13091 | D:12     | Found a transporter.
 13120 | D:12     | Reached skill level 14 in Fighting
 13255 | D:12     | Noticed a two-headed ogre
 13263 | D:12     | Killed a two-headed ogre
 13964 | Orc:1    | Entered Level 1 of the Orcish Mines
 14532 | Orc:2    | Entered Level 2 of the Orcish Mines
 14840 | Orc:2    | Found a staircase to the Elven Halls.
 15614 | Orc:2    | Reached skill level 5 in Throwing
 16340 | Orc:2    | Reached skill level 15 in Fighting
 17451 | Orc:2    | Reached XP level 13. HP: 108/126 MP: 10/12
 17632 | Orc:2    | Found Koeheeve's General Store.
 17634 | Orc:2    | Found Bais's Magic Scroll Shop.
 17932 | Orc:2    | Bought a scroll of teleportation for 51 gold pieces
 17932 | Orc:2    | Bought a scroll of blinking for 127 gold pieces
 17978 | Orc:2    | Reached **** piety under Trog
 18680 | Orc:2    | Reached skill level 5 in Evocations
 18684 | Orc:2    | Reached skill level 16 in Fighting
 18960 | Orc:2    | Found Manakh's Antique Armour Emporium.
 18960 | Orc:2    | Found Meipaj's Book Shoppe.
 18961 | Orc:2    | Found a one-way gate leading to the halls of Pandemonium.
 18982 | Orc:2    | Bought a glowing plate armour for 546 gold pieces
 18982 | Orc:2    | Bought a runed scarf for 168 gold pieces
 19586 | D:12     | Killed ShinMegamiTenseiJew's ghost
 19695 | Lair:1   | Entered Level 1 of the Lair of Beasts
 20119 | Lair:1   | Found the amulet of the Air {Inacc Air Fly rElec RMsl}
 20339 | Lair:1   | Reached XP level 14. HP: 118/138 MP: 11/13
 22321 | Lair:3   | Noticed Gastronok
 22322 | Lair:3   | Reached skill level 17 in Fighting
 22434 | Lair:3   | Killed Gastronok
 22484 | Lair:3   | Found a staircase to the Snake Pit.
 22738 | Lair:3   | Noticed Snorg
 22750 | Lair:3   | Killed Snorg
 23346 | Lair:3   | Found a staircase to the Swamp.
 24671 | Lair:4   | Identified the +3 leather armour "Miadameh" {Dex+8}
 25669 | Lair:5   | Reached XP level 15. HP: 144/147 MP: 12/14
 26051 | Lair:6   | Entered Level 6 of the Lair of Beasts
 26398 | Lair:6   | Found a staircase to the Slime Pits.
 26398 | Lair:6   | Found a viscous altar of Jiyva.
 26490 | Lair:6   | Found a dark tunnel.
 26606 | Volcano  | Entered a volcano
 27272 | Volcano  | Found a burning altar of Makhleb.
 28145 | Lair:6   | Reached ***** piety under Trog
 28375 | Lair:6   | Reached skill level 18 in Fighting
 29674 | D:7      | Bought a scroll of acquirement for 676 gold pieces
 29675 | D:7      | Acquired a manual of Maces & Flails
 29894 | Snake:1  | Entered Level 1 of the Snake Pit
 29904 | Lair:3   | Reached skill level 15 in Armour
 30128 | Snake:1  | Identified the ring "Asimmi" {rPois rCorr}
 31596 | Snake:2  | Reached XP level 16. HP: 123/159 MP: 12/15
 33118 | Snake:3  | Reached skill level 15 in Shields
 33539 | Snake:3  | Reached skill level 15 in Maces & Flails
 33542 | Snake:3  | Found Porhiat's General Store.
 33607 | Snake:3  | Found Jeypint's Assorted Antiques.
 33648 | Snake:3  | Bought a potion of heal wounds for 90 gold pieces
 34176 | Snake:4  | Entered Level 4 of the Snake Pit
 34358 | Snake:3  | Identified the +3 falchion of the Real Monster {flame,
                  | rCorr Str+4} (Trog gifted it to you on level 3 of the Snake
                  | Pit)
 34358 | Snake:3  | Received a gift from Trog
 34607 | Snake:4  | Found a bloodstained altar of Trog.
 35029 | Snake:4  | Reached skill level 19 in Fighting
 35774 | Snake:4  | Reached skill level 15 in Dodging
 36179 | Snake:4  | Identified the +5 scale mail of Patterns {rPois rF- Str-5
                  | Int+6}
 36749 | Snake:4  | Reached XP level 17. HP: 128/168 MP: 12/16
 39280 | Snake:4  | Got a serpentine rune of Zot
 39550 | Swamp:1  | Entered Level 1 of the Swamp
 39584 | Swamp:1  | Identified the +7 hand crossbow "Pageluev" {vorpal, MP+9
                  | Str+7 Stlth-}
 39592 | Swamp:1  | Noticed a tentacled monstrosity
 39605 | Swamp:1  | Killed a tentacled monstrosity
 39620 | Swamp:1  | Identified the +3 chain mail of Efror {Harm Str+2 Int+2
                  | Slay-4}
 39823 | Swamp:1  | You fall into a shaft and drop 1 floor!
 41470 | Swamp:3  | Found a glowing golden altar of the Shining One.
 41694 | Swamp:3  | Identified the +3 leather armour "Tizosk" {rElec}
 41891 | Swamp:3  | HP: 2/170 [will-o-the-wisp (7)]
 42493 | Swamp:4  | Entered Level 4 of the Swamp
 42611 | Swamp:4  | Reached skill level 20 in Fighting
 42658 | Swamp:4  | Noticed a tentacled monstrosity
 42676 | Swamp:4  | Killed a tentacled monstrosity
 43148 | Swamp:4  | Reached XP level 18. HP: 174/178 MP: 17/17
 43368 | Swamp:4  | Acquired a +5 antimagic eveningstar
 44358 | Swamp:4  | Paralysed by a fenstrider witch for 3 turns
 44367 | Swamp:4  | HP: 13/270 [something (3)]
 44368 | Swamp:4  | HP: 4/270 [something (5)]
 44368 | Swamp:4  | Succumbed to poison

Illustrated notes

Levels and vault maps discovered:
D:1:      amcnicky_arrival_wind_blow, layout_basic, corexii_hall_statues_i,
          serial_bayou_ford_a
D:2:      layout_loops_ring, dilly_ecumenical_altar_fadedgnrine
D:3:      layout_loops_cross, mainiacjoe_overflow_24_doors, uniq_natasha,
          uniq_terence
D:4:      layout_cave_pods, mainiacjoe_overflow_concentric_impassable,
          minmay_temple_entry_junction_2, uniq_grinder, uniq_blork_the_orc,
          uniq_crazy_yiuf_cottage
D:5:      layout_basic, gammafunk_ghost_hive, nicolae_elevator_lobby_plus,
          uniq_menkaure
D:6:      layout_rooms, minitemple
D:7:      nzn_winding_woodlands_small [nzn_winding_woodlands_5x15_twine,
          nzn_winding_woodlands_center_diamonds,
          nzn_winding_woodlands_5x15_zeroes], layout_basic, good_gods_temple_1,
          nicolae_qazlal_eye_of_the_storm, serial_shops, nicolae_lakefront_shop,
          kennysheep_little_box, nicolae_square_shop, shop, shop
D:8:      layout_rooms, kennysheep_mini, nicolae_take_the_stairs,
          hangedman_minor_gate_pass, uniq_harold
D:9:      layout_irregular_city
D:10:     layout_basic, nicolae_hepliaklqana_hippocampus,
          mainiacjoe_overflow_six_doors_small, serial_shops, shop,
          kennysheep_generic_room_8
D:11:     layout_roguey, dpeg_lair_monsters, serial_glass, glass_columns_b,
          glass_columns_a, glass_columns_c, glass_columns_a, glass_columns_a,
          glass_columns_a
D:12:     layout_loops_ring, orc_0_dummy, gammafunk_ghost_mausoleum,
          minivault_24, lightli_minifort
Lair:1:   beast_lair_carwin_large_4, layout_cave_pods, lemuel_fruit_tree
Lair:2:   layout_hall_layers, minmay_shattered_shrine, infiniplex_staircase_pool
Lair:3:   layout_gridlike, nicolae_swamp_entry_splash_gauntlet,
          guppyfry_snake_entry_garden, grunt_megastairs_1, uniq_gastronok,
          uniq_snorg
Lair:4:   layout_gridlike, wad_woods_road_03
Lair:5:   layout_cave_shapes
Lair:6:   hangedman_lair_tendril_chambers, layout_small_grid, wormcave,
          slime_altar_1, nicolae_volcano_entry_vermiform,
          nicolae_lair_grove_arrangements
Swamp:1:  layout_falls_marsh, evilmike_swamp_ruin_house_3
Swamp:2:  layout_falls_marsh, nicolae_swamp_tree_designs
Swamp:3:  layout_basic_swamp, basic_altar, nicolae_swamp_well_well_well
Swamp:4:  nzn_swamp_witches_coven, layout_basic_swamp
Snake:1:  layout_onion_interference
Snake:2:  layout_rooms, nicolae_snake_serpentine_hallways, serial_bayou_shore_a
Snake:3:  layout_cave_shapes, grunt_megastairs_3, minmay_shoptagon
Snake:4:  johnstein_snake_rune_scales, layout_cave_town, basic_altar,
          statue_in_the_mist_lemuel, nicolae_snake_magic_snake_eye,
          grunt_megastairs_5
Orc:1:    layout_caves
Orc:2:    pf_orc_diabolical, layout_caves

Skill      XL: |  1  2  3  4  5  6  7  8  9 10 11 12 13 14 15 16 17 18 |
---------------+-------------------------------------------------------+-----
Fighting       | 4 5 6 7 9 11 13 15 16 17 18 19 20 | 20.4
Maces & Flails | 4 5 6 7 8 9 10 11 12 14 16 18 | 18.8
Armour         | 3 4 5 6 8 9 10 12 13 14 15 16 17 | 17.8
Dodging        | 3 4 5 6 7 8 9 11 12 13 14 15 16 | 16.4
Shields        | 1 3 5 6 8 9 11 12 13 14 15 16 17 | 17.1
Throwing       | 1 2 4 5 6 |  6.5
Evocations     | 2 3 4 5 6 7 8 |  8.9

Action                   |  1- 3 |  4- 6 |  7- 9 | 10-12 | 13-15 | 16-18 || total
-------------------------+-------+-------+-------+-------+-------+-------++-------
Melee: Mace              |    87 |   107 |   122 |   458 |   928 |   993 ||  2695
       Headbutt          |    15 |    20 |    26 |   109 |   264 |   303 ||   737
       Whip              |       |       |     3 |       |       |       ||     3
       Eveningstar       |       |       |       |       |       |   131 ||   131
Invok: Berserk           |     1 |     3 |     7 |    17 |    19 |    28 ||    75
       Trog's Hand       |       |     4 |     8 |    26 |    19 |    44 ||   101
       Brothers in Arms  |       |       |       |       |     2 |     5 ||     7
Evoke: Wand              |       |       |       |    16 |    18 |    30 ||    64
       Lightning rod     |       |       |       |       |     6 |       ||     6
       Tin of tremorston |       |       |       |       |     2 |       ||     2
       Box of beasts     |       |       |       |       |       |     4 ||     4
  Use: Scroll            |     5 |     1 |     8 |    12 |    15 |    14 ||    55
       Potion            |       |     1 |       |     5 |     4 |    15 ||    25
 Stab: Paralysed         |       |       |       |       |       |     2 ||     2
       Distracted        |       |       |       |       |       |     1 ||     1
       Confused          |       |       |       |       |       |     1 ||     1
       Invisible         |       |       |       |       |       |     1 ||     1
Armor: Ring mail         |     8 |       |       |       |       |       ||     8
       Plate armour      |    18 |    89 |    76 |   255 |   507 |   484 ||  1429
Dodge: Dodged            |    28 |    39 |    73 |   263 |   464 |   464 ||  1331
Block: Buckler           |       |     3 |    31 |   143 |   320 |       ||   497
       Kite shield       |       |       |       |       |    24 |   789 ||   813

Table legend: (Time is in decaauts)
 A = Elapsed time spent in this place.
 B = Non-inter-level travel time spent in this place.
 C = Inter-level travel time spent in this place.
 D = Time resting spent in this place.
 E = Time spent auto-exploring this place.
 F = Levels seen in this place.
 G = Mean time per level.
                   A        B        C        D        E       F      G
               +--------+--------+--------+--------+--------+-----+--------+
         Total |  44927 |  43625 |   1302 |  15564 |  13445 |  29 | 1549.2 |
       Dungeon |  15269 |  14637 |    632 |   4040 |   6467 |  12 | 1272.4 |
          Lair |   9144 |   8784 |    360 |   2532 |   3736 |   6 | 1524.0 |
         Swamp |   5011 |   4957 |     54 |   1817 |   1176 |   4 | 1252.8 |
     Snake Pit |   9599 |   9392 |    207 |   4212 |   1498 |   4 | 2399.8 |
  Orcish Mines |   5019 |   4971 |     48 |   2612 |    567 |   2 | 2509.5 |
       Volcano |    883 |    883 |      0 |    350 |      0 |   1 |  883.0 |
               +--------+--------+--------+--------+--------+-----+--------+

Top non-repeatable levels by time:
 Snake:4: 4298 daAuts
   Orc:2: 3188 daAuts
  Lair:6: 2285 daAuts
    D:12: 2013 daAuts
 Snake:3: 1914 daAuts
   Orc:1: 1831 daAuts
 Snake:2: 1804 daAuts
     D:5: 1704 daAuts
 Swamp:3: 1690 daAuts
  Lair:2: 1663 daAuts
 Snake:1: 1581 daAuts
  Lair:4: 1523 daAuts
 Swamp:4: 1504 daAuts
  Lair:3: 1468 daAuts
     D:4: 1386 daAuts
